TOP OF THE 1ST |
University of Virginia Cavaliers batting - Pitching for University of Florida Gators : RHP Jordan Williams
|
Pitching: RHP Jordan Williams
|
|
Batting: RHB Scott Anderson
|
0-0: Ground out 4-3 (Groundball, 34D, EV 101.9 MPH)
|
Batting: RHB Nick Cech
|
0-0: Ball 1-0: Foul Ball, location: 2F 1-1: Foul Ball, location: 2F 1-2: SINGLE (Groundball, 56D, EV 105.0 MPH)
|
Batting: LHB Alex Aguilar
|
0-0: Ball 1-0: Ball 2-0: SINGLE (Line Drive, 89S, EV 108.1 MPH) Nick Cech to second
|
Batting: RHB Pedro Lopez
|
0-0: SINGLE (Groundball, 56D, EV 97.5 MPH) Nick Cech to third Alex Aguilar to second Runner from 3rd tries for Home, SAFE, throw by LF to home
|
Batting: RHB Mike Llamas
|
0-0: Fly out, F9 (Flyball, 9S, EV 87.5 MPH)
|
Batting: RHB Jason Lambert
|
0-0: Ball 1-0: Swinging Strike 1-1: Fly out, F8 (Flyball, 8LD, EV 76.9 MPH)
|
Top of the 1st over - 1 run, 3 hits, 0 errors, 2 left on base; University of Virginia 1 - University of Florida 0 |
BOTTOM OF THE 1ST |
University of Florida Gators batting - Pitching for University of Virginia Cavaliers : RHP Arturo Vargas
|
Pitching: RHP Arturo Vargas
|
|
Batting: LHB Terry Bayer
|
0-0: Called Strike 0-1: Foul Ball, location: 2F 0-2: Ball 1-2: Ball 2-2: Fly out, F4 (Popup, 4MD, EV 56.2 MPH)
|
Batting: RHB Luis Cabera
|
0-0: Ball 1-0: Called Strike 1-1: Ball 2-1: Swinging Strike 2-2: Strikes out looking
|
Batting: RHB Ben Bailey
|
0-0: Called Strike 0-1: Ball 1-1: SINGLE (Groundball, 6MS, EV 68.8 MPH) (infield hit)
|
Batting: SHB Nelson Carachure
|
0-0: Swinging Strike 0-1: Foul Ball, location: 2F 0-2: Ball 1-2: Fielders Choice at 2nd, 6-4 (Groundball, 6, EV 105.0 MPH)
|
Bottom of the 1st over - 0 runs, 1 hit, 0 errors, 1 left on base; University of Virginia 1 - University of Florida 0 |
TOP OF THE 2ND |
University of Virginia Cavaliers batting - Pitching for University of Florida Gators : RHP Jordan Williams
|
Batting: RHB Jose Velez
|
0-0: Called Strike 0-1: Ball 1-1: Ball 2-1: Foul Ball, location: 2F 2-2: Fly out, F8 (Flyball, 8RM, EV 88.1 MPH)
|
Batting: RHB Matt Morales
|
0-0: Fly out, F8 (Flyball, 78M, EV 90.0 MPH)
|
Batting: RHB Tony Montoya
|
0-0: Called Strike 0-1: Foul Ball, location: 2F 0-2: Foul Ball, location: 2F 0-2: Strikes out swinging
|
Top of the 2nd over - 0 runs, 0 hits, 0 errors, 0 left on base; University of Virginia 1 - University of Florida 0 |
BOTTOM OF THE 2ND |
University of Florida Gators batting - Pitching for University of Virginia Cavaliers : RHP Arturo Vargas
|
Batting: RHB Robert Mason
|
0-0: Called Strike 0-1: Fly out, F6 (Line Drive, 6D, EV 63.8 MPH)
|
Batting: RHB Gong-sun Law
|
0-0: Called Strike 0-1: Foul Ball, location: 2F 0-2: Ball 1-2: Ball 2-2: Ball 3-2: Base on Balls
|
Batting: RHB Marco Morales
|
0-0: Foul Ball, location: 2F 0-1: Ball 1-1: Foul Ball, location: 2F 1-2: Fly out, F9 (Flyball, 9, EV 91.9 MPH)
|
Batting: RHB Lião Weishampt
|
0-0: Ball 1-0: Fly out, F8 (Flyball, 8RD, EV 100.6 MPH)
|
Bottom of the 2nd over - 0 runs, 0 hits, 0 errors, 1 left on base; University of Virginia 1 - University of Florida 0 |
TOP OF THE 3RD |
University of Virginia Cavaliers batting - Pitching for University of Florida Gators : RHP Jordan Williams
|
Batting: RHB Scott Anderson
|
0-0: Called Strike 0-1: Ball 1-1: Ground out 5-3 (Groundball, 56, EV 101.9 MPH)
|
Batting: RHB Nick Cech
|
0-0: Ball 1-0: Foul Ball, location: 2F 1-1: Ball 2-1: Foul Ball, location: 2F 2-2: Strikes out swinging
|
Batting: LHB Alex Aguilar
|
0-0: Called Strike 0-1: Swinging Strike 0-2: Ball 1-2: Ball 2-2: Ball 3-2: Strikes out looking
|
Top of the 3rd over - 0 runs, 0 hits, 0 errors, 0 left on base; University of Virginia 1 - University of Florida 0 |
BOTTOM OF THE 3RD |
University of Florida Gators batting - Pitching for University of Virginia Cavaliers : RHP Arturo Vargas
|
Batting: RHB Juan Lopez
|
0-0: Ball 1-0: Ball 2-0: Foul Ball, location: 2F 2-1: Called Strike 2-2: Strikes out swinging
|
Batting: LHB Terry Bayer
|
0-0: Ball 1-0: Called Strike 1-1: Foul Ball, location: 2F 1-2: Strikes out swinging
|
Batting: RHB Luis Cabera
|
0-0: Called Strike 0-1: Ball 1-1: Ball 2-1: Fly out, F7 (Flyball, 7D, EV 92.5 MPH)
|
Bottom of the 3rd over - 0 runs, 0 hits, 0 errors, 0 left on base; University of Virginia 1 - University of Florida 0 |
TOP OF THE 4TH |
University of Virginia Cavaliers batting - Pitching for University of Florida Gators : RHP Jordan Williams
|
Batting: RHB Pedro Lopez
|
0-0: Called Strike 0-1: Swinging Strike 0-2: Ball 1-2: Strikes out swinging
|
Batting: RHB Mike Llamas
|
0-0: Called Strike 0-1: Swinging Strike 0-2: Foul Ball, location: 2F 0-2: Strikes out looking
|
Batting: RHB Jason Lambert
|
0-0: Called Strike 0-1: Ground out U3 (Groundball, 3, EV 91.9 MPH)
|
Top of the 4th over - 0 runs, 0 hits, 0 errors, 0 left on base; University of Virginia 1 - University of Florida 0 |
BOTTOM OF THE 4TH |
University of Florida Gators batting - Pitching for University of Virginia Cavaliers : RHP Arturo Vargas
|
Pitching: RHP Jonathan Bolton
|
|
Batting: RHB Ben Bailey
|
0-0: Fly out, F8 (Flyball, 8LD, EV 92.5 MPH)
|
Batting: SHB Nelson Carachure
|
0-0: DOUBLE (Flyball, 9D, EV 87.5 MPH)
|
Batting: RHB Robert Mason
|
0-0: Swinging Strike 0-1: Ball 1-1: Ball 2-1: Ball 3-1: Base on Balls
|
Batting: RHB Gong-sun Law
|
0-0: Foul Ball, location: 2F 0-1: Ball 1-1: Fielders Choice at 2nd, 1-4 (Groundball, 15S, EV 67.5 MPH) Nelson Carachure to third
|
Pinch Hitting: LHB Dave Newsome
|
0-0: SINGLE (Line Drive, 34, EV 102.5 MPH) Nelson Carachure scores Gong-sun Law to second Throwing error, E9 Gong-sun Law scores Dave Newsome to second
|
Batting: RHB Lião Weishampt
|
0-0: Ball 1-0: Foul Ball, location: 2F 1-1: Ball 2-1: SINGLE (Flyball, 4D, EV 96.9 MPH) Dave Newsome to third Runner from 3rd tries for Home, SAFE, throw by CF to home
|
Batting: RHB Juan Lopez
|
0-0: Called Strike 0-1: Ball 1-1: Swinging Strike 1-2: Fly out, F8 (Flyball, 8RD, EV 99.4 MPH)
|
Bottom of the 4th over - 3 runs, 3 hits, 1 error, 1 left on base; University of Virginia 1 - University of Florida 3 |
TOP OF THE 5TH |
University of Virginia Cavaliers batting - Pitching for University of Florida Gators : RHP Jordan Williams
|
Pitching: RHP Elliot Gallagher
|
|
Now at C: Nathan Clement
|
|
Now at 1B: Paul Martel
|
|
Now at 2B: Manny Harrison
|
|
Now at 3B: C.J. Clifford
|
|
Now in LF: Pat Justice
|
|
Now in CF: Keith Kamerling
|
|
Now in RF: Cyril Theophanous
|
|
Batting: RHB Jose Velez
|
0-0: Called Strike 0-1: Ground out 5-3 (Groundball, 56S, EV 64.4 MPH)
|
Batting: RHB Matt Morales
|
0-0: Called Strike 0-1: Reached on error, E2 (Groundball, 15S, EV 72.5 MPH)
|
Batting: RHB Tony Montoya
|
0-0: Ball 1-0: Ball 2-0: Called Strike 2-1: Ball 3-1: Foul Ball, location: 2F 3-2: Strikes out swinging
|
Pinch Hitting: RHB Luke Bertrand
|
0-0: Called Strike 0-1: Ground out U3 (Groundball, 34S, EV 90.6 MPH)
|
Top of the 5th over - 0 runs, 0 hits, 1 error, 1 left on base; University of Virginia 1 - University of Florida 3 |
BOTTOM OF THE 5TH |
University of Florida Gators batting - Pitching for University of Virginia Cavaliers : RHP Jonathan Bolton
|
Now at C: Mink Hendriks
|
|
Now at 1B: Jeremy Weber
|
|
Now at 2B: Jason Thresher
|
|
Now at 3B: Allen McCaskill
|
|
Now at SS: Alex Ruschin
|
|
Now in LF: Billy Wells
|
|
Now in CF: Ethan Lewis
|
|
Now in RF: Luke Bertrand
|
|
Batting: SHB Pat Justice
|
0-0: Ball 1-0: Foul Ball, location: 2F 1-1: Ball 2-1: Ball 3-1: Foul Ball, location: 2F 3-2: DOUBLE (Line Drive, 9LM, EV 93.8 MPH)
|
Batting: LHB Jose Garcia
|
0-0: Called Strike 0-1: Ball 1-1: Ball 2-1: Swinging Strike 2-2: Strikes out swinging
|
Batting: RHB Cyril Theophanous
|
0-0: Foul Ball, location: 2F 0-1: Ball 1-1: Called Strike 1-2: Ball 2-2: Strikes out swinging
|
Batting: RHB Manny Harrison
|
0-0: Ball 1-0: Ball 2-0: Ball 3-0: Called Strike 3-1: SINGLE (Groundball, 23, EV 73.1 MPH) (infield hit) Pat Justice to third
|
Batting: RHB C.J. Clifford
|
0-0: Ball 1-0: Ground out 5-3 (Groundball, 56S, EV 83.1 MPH)
|
Bottom of the 5th over - 0 runs, 2 hits, 0 errors, 2 left on base; University of Virginia 1 - University of Florida 3 |
TOP OF THE 6TH |
University of Virginia Cavaliers batting - Pitching for University of Florida Gators : RHP Elliot Gallagher
|
Batting: RHB Allen McCaskill
|
0-0: Fly out, F3 (Popup, 3S, EV 65.6 MPH)
|
Batting: SHB Ethan Lewis
|
0-0: Foul Ball, location: 2F 0-1: Ball 1-1: Foul Ball, location: 2F 1-2: Strikes out swinging
|
Batting: RHB Jason Thresher
|
0-0: SINGLE (Groundball, 6MD, EV 104.4 MPH) (infield hit)
|
Pinch Hitting: LHB Eddie Vidalez
|
0-0: Ball 1-0: Called Strike Jason Thresher is caught stealing 2nd base 2-6
|
Top of the 6th over - 0 runs, 1 hit, 0 errors, 0 left on base; University of Virginia 1 - University of Florida 3 |
BOTTOM OF THE 6TH |
University of Florida Gators batting - Pitching for University of Virginia Cavaliers : RHP Jonathan Bolton
|
Pitching: RHP Andy Corrales
|
|
Now at 1B: Eddie Vidalez
|
|
Batting: RHB Gong-sun Law
|
0-0: Ball 1-0: Ball 2-0: Called Strike 2-1: Ball 3-1: Foul Ball, location: 2F 3-2: Base on Balls
|
Batting: RHB Keith Kamerling
|
0-0: Called Strike 0-1: Fielders Choice at 2nd, 6-4 (Groundball, 6, EV 85.6 MPH)
|
Batting: SHB Nathan Clement
|
0-0: Hit by Pitch Keith Kamerling to second
|
Batting: LHB Paul Martel
|
0-0: Ball 1-0: Called Strike 1-1: SINGLE (Groundball, 56, EV 104.4 MPH) Keith Kamerling to third Nathan Clement to second Runner from 3rd tries for Home, SAFE, throw by LF to home
|
Batting: SHB Pat Justice
|
0-0: Ball 1-0: Fielders Choice at 2nd, 1-4 (Groundball, 15S, EV 70.0 MPH) Nathan Clement to third
|
Batting: LHB Jose Garcia
|
0-0: Called Strike 0-1: Ball 1-1: Ball 2-1: SINGLE (Groundball, 34, EV 101.9 MPH) Nathan Clement scores Pat Justice to second Runner from 2nd tries for 3rd, SAFE, throw by RF made to third
|
Batting: RHB Cyril Theophanous
|
0-0: Ground out 4-3 (Groundball, 4, EV 87.5 MPH)
|
Bottom of the 6th over - 2 runs, 2 hits, 0 errors, 2 left on base; University of Virginia 1 - University of Florida 5 |
TOP OF THE 7TH |
University of Virginia Cavaliers batting - Pitching for University of Florida Gators : RHP Elliot Gallagher
|
Pitching: LHP John Nicholson
|
|
Batting: LHB Eddie Vidalez
|
0-0: Ball 1-0: Foul Ball, location: 2F 1-1: Ball 2-1: Ball 3-1: Called Strike 3-2: Ground out 4-3 (Groundball, 4, EV 85.6 MPH)
|
Batting: LHB Ray Nichter
|
0-0: Foul Ball, location: 2F 0-1: SOLO HOME RUN (Line Drive, 89XD, EV 116.9 MPH), Distance : 436 ft
|
Batting: RHB Billy Wells
|
0-0: Ball 1-0: Foul Ball, location: 2F 1-1: Ball 2-1: Foul Ball, location: 2F 2-2: Ground out 6-3 (Groundball, 6, EV 80.6 MPH)
|
Batting: SHB Mink Hendriks
|
0-0: DOUBLE (Flyball, 78D, EV 102.5 MPH)
|
Batting: RHB Alex Ruschin
|
0-0: Called Strike 0-1: Foul Ball, location: 2F 0-2: Ball 1-2: Ball 2-2: Strikes out swinging
|
Top of the 7th over - 1 run, 2 hits, 0 errors, 1 left on base; University of Virginia 2 - University of Florida 5 |
BOTTOM OF THE 7TH |
University of Florida Gators batting - Pitching for University of Virginia Cavaliers : RHP Andy Corrales
|
Pitching: RHP Tofik Javakhov
|
|
Batting: RHB Manny Harrison
|
0-0: Called Strike 0-1: Foul Ball, location: 2F 0-2: Ball 1-2: Ball 2-2: Foul Ball, location: 2F 2-2: Foul Ball, location: 2F 2-2: Foul Ball, location: 2F 2-2: Foul Ball, location: 2F 2-2: Ball 3-2: Foul Ball, location: 2F 3-2: Foul Ball, location: 2F 3-2: Fly out, F7 (Flyball, 7D, EV 88.8 MPH)
|
Batting: RHB C.J. Clifford
|
0-0: Ball 1-0: Ball 2-0: Called Strike 2-1: Foul Ball, location: 2F 2-2: Ball 3-2: Base on Balls
|
Batting: RHB Gong-sun Law
|
0-0: Ball 1-0: Called Strike 1-1: Ball 2-1: Ball Wild Pitch! C.J. Clifford to second 3-1: Called Strike 3-2: Fly out, F7 (Flyball, 7, EV 90.0 MPH)
|
Batting: RHB Keith Kamerling
|
0-0: Ball 1-0: Swinging Strike 1-1: Ball 2-1: Ball 3-1: Called Strike 3-2: Strikes out swinging
|
Bottom of the 7th over - 0 runs, 0 hits, 0 errors, 1 left on base; University of Virginia 2 - University of Florida 5 |
TOP OF THE 8TH |
University of Virginia Cavaliers batting - Pitching for University of Florida Gators : LHP John Nicholson
|
Pitching: RHP David Villanueva
|
|
Pinch Hitting: RHB Leo Baxter
|
0-0: Ball 1-0: Called Strike 1-1: Foul Ball, location: 2F 1-2: Ball 2-2: Strikes out swinging
|
Batting: RHB Allen McCaskill
|
0-0: Ball 1-0: Ball 2-0: Ball 3-0: Base on Balls
|
Batting: SHB Ethan Lewis
|
0-0: DOUBLE (Flyball, 8RXD, EV 95.0 MPH) Allen McCaskill to third
|
Pinch Hitting: RHB Rob Coble
|
0-0: Called Strike 0-1: Foul Ball, location: 2F 0-2: Strikes out swinging
|
Batting: LHB Eddie Vidalez
|
0-0: Swinging Strike 0-1: Swinging Strike 0-2: Ball 1-2: Strikes out swinging
|
Top of the 8th over - 0 runs, 1 hit, 0 errors, 2 left on base; University of Virginia 2 - University of Florida 5 |
BOTTOM OF THE 8TH |
University of Florida Gators batting - Pitching for University of Virginia Cavaliers : RHP Tofik Javakhov
|
Pitching: RHP Tommy Koerner
|
|
Now at 2B: Alex Ruschin
|
|
Now at SS: Maurice McDonald
|
|
Now in RF: Rob Coble
|
|
Batting: SHB Nathan Clement
|
0-0: Ball 1-0: Ground out 4-3 (Groundball, 4, EV 92.5 MPH)
|
Batting: LHB Paul Martel
|
0-0: SINGLE (Groundball, 6D, EV 100.0 MPH)
|
Pinch Hitting: RHB Danny Cisneros
|
0-0: Ball 1-0: Ball Wild Pitch! Paul Martel to second 2-0: Ball 3-0: Base on Balls
|
Batting: RHB Elliott Pye
|
0-0: Ball 1-0: Ball 2-0: Fly out, F7 (Flyball, 7, EV 96.2 MPH)
|
Pinch Hitting: LHB Juan Moreno
|
0-0: Called Strike 0-1: Swinging Strike 0-2: Fielders Choice at 2nd, 6-4 (Groundball, 6, EV 90.0 MPH)
|
Bottom of the 8th over - 0 runs, 1 hit, 0 errors, 2 left on base; University of Virginia 2 - University of Florida 5 |
TOP OF THE 9TH |
University of Virginia Cavaliers batting - Pitching for University of Florida Gators : RHP David Villanueva
|
Pitching: RHP Vespasiano Galvanoni
|
|
Now in LF: Juan Moreno
|
|
Now in RF: Juan Cadavid
|
|
Batting: LHB Ray Nichter
|
0-0: Ball 1-0: Foul Ball, location: 2F 1-1: Swinging Strike 1-2: Ball 2-2: Strikes out swinging passed ball, reaches first!
|
Pinch Hitting: LHB Juan Castillo
|
0-0: Called Strike 0-1: Called Strike 0-2: Strikes out looking
|
Pinch Hitting: RHB Rob Price
|
0-0: Ball 1-0: Ball 2-0: Swinging Strike 2-1: Foul Ball, location: 2F 2-2: Foul Ball, location: 2F 2-2: Fly out, F7 (Line Drive, 78M, EV 86.9 MPH)
|
Pinch Hitting: SHB Tim Lloyd
|
0-0: Called Strike 0-1: Ball 1-1: Fly out, F9 (Line Drive, 9, EV 88.8 MPH)
|
Top of the 9th over - 0 runs, 0 hits, 0 errors, 1 left on base; University of Virginia 2 - University of Florida 5 |
|